TOP OF THE 1ST |
Athletic Club KC Reserves batting - Pitching for Houston BC : RHP Lester Sullivan
|
Pitching: RHP Lester Sullivan
|
|
Batting: RHB Filip Huigen
|
0-0: Called Strike 0-1: Ground out 1-3 (Groundball, P)
|
Batting: LHB Ben Fleming
|
0-0: Ball 1-0: Swinging Strike 1-1: Foul Ball, location: 2F 1-2: Ball 2-2: Ball 3-2: Strikes out swinging
|
Batting: LHB Chris Hill
|
0-0: Called Strike 0-1: Ball 1-1: Ball 2-1: Ground out U3 (Groundball, 3)
|
Top of the 1st over - 0 run(s), 0 hit(s), 0 error(s), 0 left on base; Athletic Club KC 0 - Houston 0 |
BOTTOM OF THE 1ST |
Houston BC batting - Pitching for Athletic Club KC Reserves : LHP Sacco Brouwers
|
Pitching: LHP Sacco Brouwers
|
|
Batting: RHB Habbo Allaart
|
0-0: Ball 1-0: Ball 2-0: Foul Ball, location: 2F 2-1: Ground out 6-3 (Groundball, 6)
|
Batting: RHB Jesús Villalba
|
0-0: Ground out 4-3 (Groundball, 4)
|
Batting: RHB Alfredo Mojica
|
0-0: Foul Ball, location: 2F 0-1: Ball 1-1: Foul Ball, location: 2F 1-2: Foul Ball, location: 2F 1-2: Strikes out looking
|
Bottom of the 1st over - 0 run(s), 0 hit(s), 0 error(s), 0 left on base; Athletic Club KC 0 - Houston 0 |
TOP OF THE 2ND |
Athletic Club KC Reserves batting - Pitching for Houston BC : RHP Lester Sullivan
|
Batting: LHB Miguel Martínez
|
0-0: Foul Ball, location: 2F 0-1: Ball 1-1: Called Strike 1-2: Fly out, F8 (Flyball, 78M)
|
Batting: LHB Enrique Miranda
|
0-0: Foul Ball, location: 2F 0-1: Ground out 6-3 (Groundball, 6)
|
Batting: RHB Geoff Rivers
|
0-0: Foul Ball, location: 2F 0-1: Ball 1-1: Swinging Strike 1-2: Foul Ball, location: 2F 1-2: Ball 2-2: Strikes out swinging
|
Top of the 2nd over - 0 run(s), 0 hit(s), 0 error(s), 0 left on base; Athletic Club KC 0 - Houston 0 |
BOTTOM OF THE 2ND |
Houston BC batting - Pitching for Athletic Club KC Reserves : LHP Sacco Brouwers
|
Batting: RHB António López
|
0-0: Ball 1-0: Fly out, F7 (Flyball, 7S)
|
Batting: LHB Dawit Lihalakha
|
0-0: Ball 1-0: Ball 2-0: Called Strike 2-1: Foul Ball, location: 2F 2-2: Strikes out looking
|
Batting: RHB Orlando Padilla
|
0-0: Ball 1-0: Ground out 4-3 (Groundball, 4)
|
Bottom of the 2nd over - 0 run(s), 0 hit(s), 0 error(s), 0 left on base; Athletic Club KC 0 - Houston 0 |
TOP OF THE 3RD |
Athletic Club KC Reserves batting - Pitching for Houston BC : RHP Lester Sullivan
|
Batting: RHB Shintaro Yamada
|
0-0: Ball 1-0: Ball 2-0: Swinging Strike 2-1: Ground out 6-3 (Groundball, 6)
|
Batting: LHB Michael Landry
|
0-0: Ball 1-0: Ball 2-0: Foul Ball, location: 2F 2-1: Swinging Strike 2-2: Ball 3-2: Ground out 5-3 (Groundball, 25)
|
Batting: RHB Chris Teague
|
0-0: Foul Ball, location: 2F 0-1: Ball 1-1: Called Strike 1-2: Foul Ball, location: 2F 1-2: Ball 2-2: Ball 3-2: Foul Ball, location: 2F 3-2: Base on Balls
|
Batting: RHB Filip Huigen
|
0-0: Ball 1-0: Swinging Strike 1-1: Ball 2-1: Fly out, F6 (Line Drive, 6M)
|
Top of the 3rd over - 0 run(s), 0 hit(s), 0 error(s), 1 left on base; Athletic Club KC 0 - Houston 0 |
BOTTOM OF THE 3RD |
Houston BC batting - Pitching for Athletic Club KC Reserves : LHP Sacco Brouwers
|
Batting: RHB José Muńóz
|
0-0: Called Strike 0-1: Ball 1-1: Ball 2-1: Ball 3-1: Foul Ball, location: 2F 3-2: Base on Balls
|
Batting: LHB Stefan Vanderhoof
|
0-0: Ball 1-0: Grounds into double play, 4-6-3 (Groundball, 4)
|
Batting: RHB Ismael Sandoval
|
0-0: Ball 1-0: Ball 2-0: Ball 3-0: Base on Balls
|
Batting: RHB Habbo Allaart
|
0-0: Fly out, F9 (Flyball, 9S)
|
Bottom of the 3rd over - 0 run(s), 0 hit(s), 0 error(s), 1 left on base; Athletic Club KC 0 - Houston 0 |
TOP OF THE 4TH |
Athletic Club KC Reserves batting - Pitching for Houston BC : RHP Lester Sullivan
|
Batting: LHB Ben Fleming
|
0-0: Called Strike 0-1: Foul Ball, location: 2F 0-2: SINGLE (Groundball, 6MD)
|
Batting: LHB Chris Hill
|
0-0: DOUBLE (Flyball, 9LM) Ben Fleming to third
|
Batting: LHB Miguel Martínez
|
0-0: Fly out, F7 (Flyball, 7S)
|
Batting: LHB Enrique Miranda
|
Balk! Ben Fleming scores Chris Hill to third 0-0: Called Strike 0-1: Ball 1-1: Ball 2-1: Fly out, F6 (Popup, 6D)
|
Batting: RHB Geoff Rivers
|
0-0: Ball 1-0: Fly out, F9 (Flyball, 9S)
|
Top of the 4th over - 1 run(s), 2 hit(s), 0 error(s), 1 left on base; Athletic Club KC 1 - Houston 0 |
BOTTOM OF THE 4TH |
Houston BC batting - Pitching for Athletic Club KC Reserves : LHP Sacco Brouwers
|
Batting: RHB Jesús Villalba
|
0-0: SINGLE (Groundball, 6MD)
|
Batting: RHB Alfredo Mojica
|
0-0: Ball Throwing error on steal attempt, E2 Jesús Villalba to third 1-0: Fly out, F8 (Line Drive, 8LM) Runner from 3rd tags up, SCORES, no throw
|
Batting: RHB António López
|
0-0: Called Strike 0-1: SINGLE (Groundball, 4D)
|
Batting: LHB Dawit Lihalakha
|
0-0: Foul Ball, location: 2F 0-1: Grounds into double play, 4-6-3 (Groundball, 34)
|
Bottom of the 4th over - 1 run(s), 2 hit(s), 1 error(s), 0 left on base; Athletic Club KC 1 - Houston 1 |
TOP OF THE 5TH |
Athletic Club KC Reserves batting - Pitching for Houston BC : RHP Lester Sullivan
|
Batting: RHB Shintaro Yamada
|
0-0: Called Strike 0-1: Ball 1-1: Swinging Strike 1-2: Ball 2-2: Ball 3-2: Strikes out swinging
|
Batting: LHB Michael Landry
|
0-0: Ball 1-0: Ball 2-0: Ball 3-0: Called Strike 3-1: Base on Balls
|
Batting: RHB Chris Teague
|
0-0: Ball Throwing error on steal attempt, E2 Michael Landry to third 1-0: Called Strike 1-1: Ground out 6-3 (Groundball, 6)
|
Batting: RHB Filip Huigen
|
0-0: Ground out U3 (Groundball, 34)
|
Top of the 5th over - 0 run(s), 0 hit(s), 1 error(s), 1 left on base; Athletic Club KC 1 - Houston 1 |
BOTTOM OF THE 5TH |
Houston BC batting - Pitching for Athletic Club KC Reserves : LHP Sacco Brouwers
|
Batting: RHB Orlando Padilla
|
0-0: Swinging Strike 0-1: Ball 1-1: Swinging Strike 1-2: Fly out, F5 (Popup, 5L)
|
Batting: RHB José Muńóz
|
0-0: Foul Ball, location: 2F 0-1: Called Strike 0-2: Strikes out swinging
|
Batting: LHB Stefan Vanderhoof
|
0-0: SINGLE (Groundball, 34D)
|
Batting: RHB Ismael Sandoval
|
0-0: Ball 1-0: Foul Ball, location: 2F 1-1: Ball 2-1: Ball 3-1: Base on Balls Stefan Vanderhoof to second
|
Batting: RHB Habbo Allaart
|
0-0: Foul Ball, location: 2F 0-1: Ball 1-1: Ball 2-1: Fly out, F8 (Flyball, 8LM)
|
Bottom of the 5th over - 0 run(s), 1 hit(s), 0 error(s), 2 left on base; Athletic Club KC 1 - Houston 1 |
TOP OF THE 6TH |
Athletic Club KC Reserves batting - Pitching for Houston BC : RHP Lester Sullivan
|
Batting: LHB Ben Fleming
|
0-0: Called Strike 0-1: Fly out, F8 (Line Drive, 78M)
|
Batting: LHB Chris Hill
|
0-0: Ball 1-0: Ground out 5-3 (Groundball, 56S)
|
Batting: LHB Miguel Martínez
|
0-0: Called Strike 0-1: Ball 1-1: Ball 2-1: DOUBLE (Line Drive, 9LM)
|
Batting: LHB Enrique Miranda
|
0-0: Called Strike 0-1: Ball 1-1: Foul Ball, location: 2F 1-2: Foul Ball, location: 2F 1-2: Ground out 6-3 (Groundball, 6)
|
Top of the 6th over - 0 run(s), 1 hit(s), 0 error(s), 1 left on base; Athletic Club KC 1 - Houston 1 |
BOTTOM OF THE 6TH |
Houston BC batting - Pitching for Athletic Club KC Reserves : LHP Sacco Brouwers
|
Batting: RHB Jesús Villalba
|
0-0: Ball 1-0: Ball 2-0: Called Strike 2-1: Foul Ball, location: 2F 2-2: Foul Ball, location: 2F 2-2: Ball 3-2: Base on Balls
|
Batting: RHB Alfredo Mojica
|
0-0: Swinging Strike 0-1: Swinging Strike 0-2: Ball 1-2: Grounds into double play, 6-4-3 (Groundball, 6)
|
Batting: RHB António López
|
0-0: Ball 1-0: SINGLE (Groundball, 6MD)
|
Batting: LHB Dawit Lihalakha
|
0-0: Ball 1-0: Swinging Strike 1-1: Fly out, F8 (Flyball, 78D)
|
Bottom of the 6th over - 0 run(s), 1 hit(s), 0 error(s), 1 left on base; Athletic Club KC 1 - Houston 1 |
TOP OF THE 7TH |
Athletic Club KC Reserves batting - Pitching for Houston BC : RHP Lester Sullivan
|
Batting: RHB Geoff Rivers
|
0-0: Swinging Strike 0-1: Foul Ball, location: 2F 0-2: Ball 1-2: Foul Ball, location: 2F 1-2: Fly out, F9 (Flyball, 9S)
|
Batting: RHB Shintaro Yamada
|
0-0: Ball 1-0: Swinging Strike 1-1: Ball 2-1: Foul Ball, location: 2F 2-2: Ball 3-2: SOLO HOME RUN (Flyball, 78XD), Distance : 436 ft
|
Batting: LHB Michael Landry
|
0-0: Foul Ball, location: 2F 0-1: DOUBLE (Line Drive, 89M)
|
Batting: RHB Chris Teague
|
0-0: Ball 1-0: Ball 2-0: Called Strike 2-1: Fly out, F9 (Flyball, 9)
|
Batting: RHB Filip Huigen
|
0-0: Ball 1-0: Ball 2-0: Ground out 5-3 (Groundball, 56S)
|
Top of the 7th over - 1 run(s), 2 hit(s), 0 error(s), 1 left on base; Athletic Club KC 2 - Houston 1 |
BOTTOM OF THE 7TH |
Houston BC batting - Pitching for Athletic Club KC Reserves : LHP Sacco Brouwers
|
Batting: RHB Orlando Padilla
|
0-0: Called Strike 0-1: Swinging Strike 0-2: Ball 1-2: Ball 2-2: Strikes out looking
|
Batting: RHB José Muńóz
|
0-0: Swinging Strike 0-1: Ball 1-1: Swinging Strike 1-2: Fly out, F8 (Flyball, 8RM)
|
Batting: LHB Stefan Vanderhoof
|
0-0: Ball 1-0: Called Strike 1-1: Ball 2-1: Ball 3-1: Called Strike 3-2: Ground out 1-3 (Groundball, 13S)
|
Bottom of the 7th over - 0 run(s), 0 hit(s), 0 error(s), 0 left on base; Athletic Club KC 2 - Houston 1 |
TOP OF THE 8TH |
Athletic Club KC Reserves batting - Pitching for Houston BC : RHP Lester Sullivan
|
Batting: LHB Ben Fleming
|
0-0: Ball 1-0: Ground out U3 (Groundball, 34S)
|
Batting: LHB Chris Hill
|
0-0: Fly out, F9 (Flyball, 9)
|
Batting: LHB Miguel Martínez
|
0-0: Called Strike 0-1: Called Strike 0-2: Ball 1-2: Ball 2-2: Foul Ball, location: 2F 2-2: Foul Ball, location: 2F 2-2: Reached on error, E5 (Groundball, 56)
|
Pitching: LHP Stanton Miranda
|
|
Batting: LHB Enrique Miranda
|
0-0: Called Strike 0-1: Ball 1-1: Ball Wild Pitch! Miguel Martínez to second 2-1: Ball 3-1: Foul Ball, location: 2F 3-2: Foul Ball, location: 2F 3-2: Strikes out looking
|
Top of the 8th over - 0 run(s), 0 hit(s), 1 error(s), 1 left on base; Athletic Club KC 2 - Houston 1 |
BOTTOM OF THE 8TH |
Houston BC batting - Pitching for Athletic Club KC Reserves : LHP Sacco Brouwers
|
Batting: RHB Ismael Sandoval
|
0-0: Ball 1-0: Ball 2-0: Called Strike 2-1: Ball 3-1: Foul Ball, location: 2F 3-2: Foul Ball, location: 2F 3-2: Base on Balls
|
Batting: RHB Habbo Allaart
|
0-0: Ball 1-0: Bunted foul 1-1: Bunted foul 1-2: Fly out, F8 (Flyball, 8RD)
|
Batting: RHB Jesús Villalba
|
0-0: Ball 1-0: Ball 2-0: Ball 3-0: Base on Balls Ismael Sandoval to second
|
Batting: RHB Alfredo Mojica
|
0-0: Ball 1-0: Swinging Strike 1-1: Swinging Strike 1-2: Foul Ball, location: 2F 1-2: Foul Ball, location: 2F 1-2: Ball 2-2: Foul Ball, location: 2F 2-2: Fly out, F4 (Popup, 4)
|
Pitching: RHP Eric Lang
|
|
Batting: RHB António López
|
0-0: Ball 1-0: Called Strike 1-1: Ball 2-1: Swinging Strike 2-2: Strikes out swinging
|
Bottom of the 8th over - 0 run(s), 0 hit(s), 0 error(s), 2 left on base; Athletic Club KC 2 - Houston 1 |
TOP OF THE 9TH |
Athletic Club KC Reserves batting - Pitching for Houston BC : LHP Stanton Miranda
|
Batting: RHB Geoff Rivers
|
0-0: Foul Ball, location: 2F 0-1: Ball 1-1: Ball 2-1: Ball 3-1: Ground out 5-3 (Groundball, 5)
|
Batting: RHB Shintaro Yamada
|
0-0: Ball 1-0: Ball 2-0: Foul Ball, location: 2F 2-1: Ball 3-1: Base on Balls
|
Pinch Hitting: RHB Altifício Azor
|
Pickoff Throw to First - Out! 0-0: Foul Ball, location: 2F 0-1: Ball 1-1: Ball 2-1: Fly out, F8 (Flyball, 8RM)
|
Top of the 9th over - 0 run(s), 0 hit(s), 0 error(s), 0 left on base; Athletic Club KC 2 - Houston 1 |
BOTTOM OF THE 9TH |
Houston BC batting - Pitching for Athletic Club KC Reserves : RHP Eric Lang
|
Pitching: RHP Greg Patterson
|
|
Now in RF: Sang-your Yu
|
|
Batting: LHB Dawit Lihalakha
|
0-0: Ball 1-0: Foul Ball, location: 2F 1-1: Ball 2-1: Swinging Strike 2-2: Ball 3-2: SINGLE (Groundball, 4MD)
|
Batting: RHB Orlando Padilla
|
0-0: Reached on error, E5 (Groundball, 56S) Dawit Lihalakha to third
|
Pinch Hitting: RHB Joseph Gray
|
0-0: Fly out, F8 (Line Drive, 78M)
|
Batting: LHB Stefan Vanderhoof
|
0-0: Ball 1-0: Foul Ball, location: 2F 1-1: Called Strike 1-2: Foul Ball, location: 2F 1-2: Ground out 6-3 (Groundball, 56)
|
Pinch Hitting: RHB Alfredo Rivera
|
0-0: Ball 1-0: Called Strike 1-1: Ball 2-1: SINGLE (Line Drive, 7S) Dawit Lihalakha scores Orlando Padilla to third Runner from 3rd tries for Home, SAFE, no throw
|
Thursday, August 31st, 2017 - OOTP Baseball 17.12 Build 75
|
|